 Dungeon Sprint DCSS version 0.28-a0-1142-gc8569940dd (webtiles) character file.

Game seed: 4629765806956778058

47 MordorOrchid the Gusty (level 3, -4/52 HPs)
             Began as a Troll Air Elementalist on Dec 13, 2021.
             Was an Initiate of Sif Muna.
             Slain by a two-headed ogre (12 damage)
             ... in the Dungeon (Sprint IX: "|||||||||||||||||||||||||||||").
             The game lasted 00:02:51 (106 turns).

MordorOrchid the Gusty (Troll Air Elementalist)      Turns: 106, Time: 00:02:52

Health: -4/52      AC:  4    Str: 19    XL:     3   Next: 48%
Magic:  5/5        EV: 10    Int: 13    God:    Sif Muna [......]
Gold:   0          SH:  0    Dex: 13    Spells: 0/6 levels left

rFire   . . .      SeeInvis .     - Unarmed
rCold   . . .      Faith    .   (no shield)
rNeg    . . .      Spirit   .   a - +0 robe
rPois   .          Reflect  .   (helmet restricted)
rElec   .          Harm     .   (no cloak)
rCorr   .          Rampage  .   (gloves unavailable)
Will    .....      NoTele   +   (boots unavailable)
Stlth   ..........              (no amulet)
HPRegen 0.97/turn               o - +3 ring of strength
MPRegen 0.09/turn               p - +3 ring of dexterity

@: berserking, invisible, very quick
A: large, unfitting armour, claws 3, regeneration 1, shaggy fur 1, tough skin 1
a: Renounce Religion


You were in the Dungeon.
You worshipped Sif Muna.
Sif Muna was noncommittal.
You visited 1 branch

Inventory:

Hand Weapons
 j - a +1 broad axe of freezing
 k - a +2 dire flail of holy wrath
 l - a +2 halberd of protection
 m - a +4 quarterstaff of draining
 n - a +2 rapier of draining
Armour
 a - a +0 robe (worn)
Jewellery
 o - a +3 ring of strength (left claw)
 p - a +3 ring of dexterity (right claw)
Wands
 i - a wand of iceblast (10)
Scrolls
 g - 2 scrolls of blinking
 h - 2 scrolls of amnesia
Potions
 b - 5 potions of curing
 c - 3 potions of heal wounds
 e - 4 potions of magic


   Skills:
 * Level 2.0 Fighting
 * Level 2.4 Dodging
 - Level 1.0 Stealth
 * Level 3.0 Unarmed Combat
 - Level 2.1 Spellcasting
 - Level 1.7 Conjurations
 - Level 3.0 Air Magic


You couldn't memorise any spells.
You knew the following spells:

 Your Spells              Type           Power      Damage    Failure   Level
a - Shock                 Conj/Air       28%        1d4       10%         1
c - Static Discharge      Conj/Air       7%         N/A       14%         2
w - Swiftness             Air            9%         N/A       22%         3

Your spell library contained the following spells:

 Spells                   Type           Power      Damage    Failure   Level
 Airstrike                Air            4%         N/A       58%         4


Dungeon Overview and Level Annotations

Branches:
Dungeon (1/1)

Altars:
Cheibriados
Dithmenos
Elyvilon
Fedhas
Gozag
Hepliaklqana
Kikubaaqudgha
Makhleb
Nemelex Xobeh
Okawaru
Qazlal
Ru
Sif Muna
Trog
Uskayaw
Vehumet
Wu Jian
Xom
Yredelemnul
Zin
The Shining One
Beogh
Jiyva
Lugonu


Innate Abilities, Weirdness & Mutations

You are too large for most types of armour.
You have claws for hands.
Your natural rate of healing is unusually fast.
You are covered in fur. (AC +1)
You have tough skin. (AC +1)


Message History

c - Static Discharge
Okay, then.
Okay, then.
You fade into invisibility!
You open the door.
A steam dragon, a killer bee, 2 two-headed ogres, a troll and a zombie come into view.
A red film seems to cover your vision as you go berserk!
You feel yourself moving faster!
You feel mighty!
The two-headed ogre shouts in stereo!
The killer bee buzzes angrily.
The steam dragon hisses angrily.
The two-headed ogre shouts in stereo!
The troll shouts!
You claw the two-headed ogre!
The two-headed ogre is moderately wounded.
The killer bee buzzes angrily.
The steam dragon hisses angrily.
The troll shouts!
The two-headed ogre hits you but does no damage.
The two-headed ogre hits you with a +0 giant club!
You scratch the two-headed ogre.
The two-headed ogre is moderately wounded.
The killer bee buzzes angrily.
The steam dragon hisses angrily.
The troll shouts!
You barely miss the two-headed ogre.
The two-headed ogre is moderately wounded.
The killer bee buzzes angrily.
The steam dragon hisses angrily.
The troll shouts!
The two-headed ogre hits you with a +0 giant club!
The two-headed ogre closely misses you.
You barely miss the two-headed ogre.
The two-headed ogre is moderately wounded.
The killer bee buzzes angrily.
The steam dragon hisses angrily.
The troll shouts!
You mangle the two-headed ogre!!
The steam dragon hisses angrily.
You claw the two-headed ogre.
The two-headed ogre is severely wounded.
The steam dragon hisses angrily.
The two-headed ogre hits you with a +0 giant club!!
* * * LOW HITPOINT WARNING * * *
The two-headed ogre hits you with a +0 giant club!
You die...

▓.▓
▓.▓
▓)▓
▓.▓
▓[▓
▓[▓
▓[▓
▓.▓
▓@▓
▓O▓
▓y▓
▓D▓
▓.▓
▓O▓
▓T▓
▓Z▓


You could see 2 two-headed ogres, a troll, a steam dragon (wandering), a killer
bee (wandering) and a quokka zombie (wandering).

Vanquished Creatures
  An iguana (D)
  An adder (D)
  An adder zombie (D)
  An orc (D)
  A bat zombie (D)
  3 endoplasms (D)
  A ball python (D)
  A rat (D)
10 creatures vanquished.

Notes
Turn   | Place    | Note
-------+----------+-------------------------------------------
     0 | D        | MordorOrchid the Troll Air Elementalist began the quest for
                  | the Orb.
     0 | D        | Reached XP level 1. HP: 16/16 MP: 1/1
     7 | D        | Reached skill level 1 in Fighting
     7 | D        | Reached skill level 1 in Unarmed Combat
    21 | D        | Noticed an iguana
    30 | D        | Killed an iguana
    31 | D        | Reached skill level 1 in Conjurations
    31 | D        | Reached XP level 2. HP: 22/28 MP: 0/3
    31 | D        | Reached XP level 3. HP: 28/35 MP: 0/4
    46 | D        | Found a snail-covered altar of Cheibriados.
    46 | D        | Found a shadowy altar of Dithmenos.
    46 | D        | Found a white marble altar of Elyvilon.
    46 | D        | Found a blossoming altar of Fedhas.
    46 | D        | Found an opulent altar of Gozag.
    47 | D        | Found a hazy altar of Hepliaklqana.
    48 | D        | Found a viscous altar of Jiyva.
    49 | D        | Found an ancient bone altar of Kikubaaqudgha.
    50 | D        | Found a corrupted altar of Lugonu.
    51 | D        | Found a burning altar of Makhleb.
    52 | D        | Found a sparkling altar of Nemelex Xobeh.
    53 | D        | Found an iron altar of Okawaru.
    54 | D        | Found a stormy altar of Qazlal.
    55 | D        | Found a sacrificial altar of Ru.
    56 | D        | Found a shimmering blue altar of Sif Muna.
    57 | D        | Found a bloodstained altar of Trog.
    58 | D        | Found a hide-covered altar of Uskayaw.
    59 | D        | Found a radiant altar of Vehumet.
    60 | D        | Found an ornate altar of the Wu Jian Council.
    61 | D        | Found a shimmering altar of Xom.
    62 | D        | Found a basalt altar of Yredelemnul.
    63 | D        | Found a glowing silver altar of Zin.
    64 | D        | Became a worshipper of Sif Muna the Loreminder
    65 | D        | Found a glowing golden altar of the Shining One.
    96 | D        | Learned a level 3 spell: Swiftness
    99 | D        | Learned a level 2 spell: Static Discharge
   100 | D        | Noticed a two-headed ogre
   100 | D        | Noticed a killer bee
   100 | D        | Noticed a steam dragon
   100 | D        | Noticed a two-headed ogre
   100 | D        | Noticed a troll
   106 | D        | Slain by a two-headed ogre

Illustrated notes

Levels and vault maps discovered:
D:        linesprint [early_d, line_temple, items_1, d_10, items_2, lair_1,
          lair_end, items_3, orc_1, orc_end, items_4, d_15, swamp_1, shoals_1,
          snake_1, spider_1, d_20, vaults_1, items_5, swamp_end, shoals_end,
          snake_end, spider_end, vaults_end, d_27, items_6, zot_1, zot_end,
          crypt_end, forest_end, elf_end, slime_end, tomb_end, abyss_end,
          pan_hell_end]

Skill      XL: |  1  2  3 |
---------------+----------+-----
Fighting       | 2 |  2.0
Unarmed Combat | 2 3 |  3.0
Dodging        | 2 |  2.4
Conjurations   | 1 |  1.7
Spellcasting   | 2 |  2.1
Air Magic      | 3 |  3.0
Stealth        | |  1.0

Action                   || total
-------------------------++-------
Melee: Unarmed           ||    31
       Punch             ||     1
 Cast: Shock             ||     2
  Use: Potion            ||     3
Armor: Robe              ||     6
Dodge: Dodged            ||     8

Table legend: (Time is in decaauts)
 A = Elapsed time spent in this place.
 B = Non-inter-level travel time spent in this place.
 C = Inter-level travel time spent in this place.
 D = Time resting spent in this place.
 E = Time spent auto-exploring this place.
 F = Levels seen in this place.
 G = Mean time per level.
                   A        B        C        D        E       F      G
               +--------+--------+--------+--------+--------+-----+--------+
         Total |     89 |     89 |      0 |      0 |      0 |   1 |   89.0 |
       Dungeon |     89 |     89 |      0 |      0 |      0 |   1 |   89.0 |
               +--------+--------+--------+--------+--------+-----+--------+

Top non-repeatable levels by time:
       D: 89 daAuts
